 Dungeon Crawl Stone Soup version 0.31-a0-960-g0fca184906 (webtiles) character file.

Game seed: 13825478439000279908

646 Conn the Sneak (level 7, -2/41 HPs)
             Began as an Octopode Fire Elementalist on Oct 23, 2023.
             Slain by a scorpion (3 damage)
             ... on level 5 of the Dungeon.
             The game lasted 00:10:17 (4307 turns).

Conn the Sneak (Octopode Fire Elementalist)         Turns: 4307, Time: 00:10:17

Health: -2/41      AC:  1    Str:  8    XL:     7   Next: 52%
Magic:  0/12       EV: 18    Int: 19    God:
Gold:   163        SH:  0    Dex: 12    Spells: 3/13 levels left

rFire   + . .        b - +3 short sword (speed)
rCold   . . .        (no shield)
rNeg    + . .        f - +0 hat
rPois   .            i - amulet of faith
rElec   .            c - ring of positive energy
rCorr   .            d - ring of flight
SInv    .            h - +5 ring of evasion
Will    +....        k - ring of protection from fire
Stlth   ++++         n - ring of willpower
HPRegen 0.26/turn    (no ring)
MPRegen 0.13/turn    (no ring)
                     (no ring)

%: faith
@: lethally poisoned (-2 -> -3), on berserk cooldown, flying, slowed, very slow
A: almost no armour, amphibious, 8 rings, camouflage 1, gelatinous body 1,
(nimble swimmer 1), tentacles
a: no special abilities


You were on level 5 of the Dungeon.
You visited 1 branch of the dungeon, and saw 5 of its levels.

You collected 339 gold pieces.
You spent 176 gold pieces at shops.

Inventory:

Hand Weapons
 b - a +3 short sword of speed (weapon)
Armour
 f - a +0 hat (worn)
Jewellery
 c - a ring of positive energy (left tentacle)
 d - a ring of flight (right tentacle)
 h - a +5 ring of evasion (on tentacle)
 i - an amulet of faith (around mantle)
 k - a ring of protection from fire (on tentacle)
 n - a ring of willpower (on tentacle)
Wands
 y - a wand of paralysis (7)
 A - a wand of mindburst (6)
Scrolls
 g - 5 scrolls of poison {unknown}
 l - 2 scrolls of teleportation {unknown}
 o - a scroll of noise {unknown}
 q - 7 scrolls of identify {unknown}
 t - a scroll of enchant armour {unknown}
 u - a scroll of vulnerability {unknown}
 x - a scroll of fear {unknown}
Potions
 a - a potion of magic
 j - a potion of haste {unknown}
 m - 2 potions of might
 p - a potion of mutation {unknown}
 r - a potion of heal wounds {unknown}
 s - a potion of degeneration {unknown}
 v - a potion of enlightenment {unknown}
 w - a potion of brilliance {unknown}
 z - a potion of attraction {unknown}
 B - a potion of curing {unknown}


   Skills:
 + Level 3.2 Dodging
 + Level 4.7 Stealth
 * Level 3.9 Spellcasting
 * Level 3.6 Conjurations
 * Level 3.1 Hexes
 + Level 4.1 Fire Magic


You had 3 spell levels left.
You knew the following spells:

 Your Spells              Type           Power      Damage    Failure   Level
a - Foxfire               Conj/Fire      72%        2x1d7     2%          1
b - Scorch                Fire           38%        2d6       3%          2
c - Inner Flame           Hex/Fire       17%        N/A       10%         3
d - Flame Wave            Conj/Fire      18%        2d7       28%         4

Your spell library contained the following spells:

 Spells                   Type           Power      Damage    Failure   Level
 Jinxbite                 Hex            30%        N/A       6%          2
 Shock                    Conj/Air       40%        1d5       7%          1
 Ensorcelled Hibernation  Hex/Ice        18%        N/A       11%         2
 Sigil of Binding         Hex            15%        N/A       12%         3
 Volatile Blastmotes      Fire/Tloc      22%        2d11      19%         3
 Blink                    Tloc           6%         N/A       22%         2
 Wereblood                Tmut           3%         N/A       22%         2
 Call Canine Familiar     Summ           3%         N/A       38%         3
 Swiftness                Air            3%         N/A       38%         3
 Anguish                  Hex/Necr       4%         N/A       58%         4
 Dimensional Bullseye     Hex/Tloc       4%         N/A       58%         4
 Leda's Liquefaction      Hex/Erth       4%         N/A       58%         4
 Airstrike                Air            1%         2d(1-17)  80%         4
 Manifold Assault         Tloc           3%         N/A       80%         4
 Irradiate                Conj/Tmut      5%         3d13      88%         5


Dungeon Overview and Level Annotations

Branches:
Dungeon (5/15)
 Temple: D:4-7

Altars:
Ru
Trog
Uskayaw
Wu Jian

Shops:
D:4 :


Innate Abilities, Weirdness & Mutations

You cannot wear most types of armour.
You are amphibious.
You can wear up to eight rings at the same time.
Your skin changes colour to match your surroundings (Stealth+).
Your rubbery body absorbs attacks. (AC +1, EV +1)
((You are camouflaged when in or above water. (Stealth+)))
You have tentacles for arms and can constrict up to eight enemies at once.


Message History

Casting: Scorch (safe; 3% risk of failure)
Confirm with . or Enter, or press ? or * to list all spells.
You conjure some foxfire!
You feel sick. The water moccasin bites you.
* * * LOW HITPOINT WARNING * * *
The foxfire hits the scorpion.
The scorpion is burned terribly!
The scorpion is almost dead.
The water moccasin closely misses you.
You feel sick.
The foxfire hits the water moccasin but does no damage.
Unknown command.
Unknown command.
Unknown command.
Okay, then.
Unknown command.
Okay, then.
Unknown command.
It was a potion of berserk rage.
A red film seems to cover your vision as you go berserk!
You feel yourself moving faster!
You feel mighty!
You feel sick. The water moccasin bites you!
* * * LOW HITPOINT WARNING * * *
The water moccasin misses you.
You miss the water moccasin. Your grab misses the water moccasin.
You tentacle-slap the water moccasin. Your squeeze misses the water moccasin.
The water moccasin is lightly wounded.
* * * LOW HITPOINT WARNING * * *
You feel sick.
Unknown command.
You feel a strong urge to attack something.
* * * LOW HITPOINT WARNING * * *
You feel sick.
Unknown command.
* * * LOW HITPOINT WARNING * * *
You feel sick.
There is an open door here.
You feel your anger nearly subside.
You are no longer berserk.
You are exhausted.
You feel yourself slow down. The scorpion attacks as it pursues you!
The scorpion stings you.
You die...

###.# #.. ###[#........##.
###...# #.## + ..# ###'#######.
###.....# #)##.#..J#..##..# #.
..'.....# #†...#s. .T###.# #.
###....####†########### #.######.
#....# #.....#......# #......#.
#....# #.#†#.#.#..#.# #......#.
#....# #....S#......# #......#.
###### #.#.#.#@.....# #......#.
#.....s.#..#.###........
#######........#........
#######################..........
...................# ###........
.############.#.##.# #####.... .#
#.#.##.# #.... .# #.#.##.# #....
.# #.#.##.# #....


You could see a scorpion.

Vanquished Creatures
  A black bear (D:4)
  A centaur (D:5)
  A howler monkey (D:4)
  2 hounds (D:4)
  An orc priest (D:4)
  A jelly (D:5)
  4 iguanas
  8 adders
  A shadow imp (D:5)
  2 white imps
  A worm (D:2)
  3 dart slugs (D:1)
  19 orcs
  4 endoplasms
  3 giant cockroaches (D:4)
  14 hobgoblins
  5 jackals
  7 kobolds
  2 quokkas
  3 ball pythons
  4 bats
  7 frilled lizards
  5 goblins
  6 rats
105 creatures vanquished.

Vanquished Creatures (collateral kills)
  4 foxfires (D:1)
4 creatures vanquished.

Vanquished Creatures (others)
  144 foxfires
144 creatures vanquished.

Grand Total: 253 creatures vanquished

Notes
Turn   | Place    | Note
-------+----------+-------------------------------------------
     0 | D:1      | Conn the Octopode Fire Elementalist began the quest for the
                  | Orb.
     0 | D:1      | Reached XP level 1. HP: 11/11 MP: 3/3
   144 | D:1      | Reached XP level 2. HP: 16/17 MP: 5/5
   413 | D:1      | Reached XP level 3. HP: 21/21 MP: 6/6
   416 | D:1      | Learned a level 2 spell: Scorch
   420 | D:1      | Learned a level 3 spell: Inner Flame
  1262 | D:2      | Found a faded altar of an unknown god.
  1684 | D:3      | Reached XP level 4. HP: 27/27 MP: 1/7
  1685 | D:3      | Reached skill level 1 in Hexes
  2187 | D:3      | Found a sacrificial altar of Ru.
  2577 | D:4      | Reached XP level 5. HP: 31/31 MP: 5/9
  2592 | D:4      | Noticed a black bear
  2610 | D:4      | Killed a black bear
  2611 | D:4      | Reached XP level 6. HP: 35/36 MP: 0/10
  2714 | D:4      | Identified the +1 ring mail "Ivaetigo" {Stlth+}
  2863 | D:4      | Found Berax's Book Shop.
  2944 | D:4      | Bought an Inescapable Atlas for 176 gold pieces
  2949 | D:4      | Learned a level 4 spell: Flame Wave
  3103 | D:4      | Found an ornate altar of the Wu Jian Council.
  3214 | D:4      | Found a bloodstained altar of Trog.
  3395 | D:5      | Entered Level 5 of the Dungeon
  3487 | D:5      | Reached XP level 7. HP: 13/41 MP: 3/12
  3725 | D:5      | Found a hide-covered altar of Uskayaw.
  4272 | D:5      | Noticed a troll
  4303 | D:5      | HP: 3/61 [poisoned by an adder]
  4307 | D:5      | Slain by a scorpion

Illustrated notes

Levels and vault maps discovered:
D:1:      dpeg_arrival_tiny_h, layout_loops_ring, serial_bayou_lagoon_b
D:2:      layout_loops_ring, basic_ecumenical_altar, minivault_27,
          serial_bayou_lagoon_a
D:3:      layout_basic, nicolae_ru_great_annihilating_truth, chequers_avenue
D:4:      layout_rooms, marbit_many_paths, nicolae_overflow_crystal_walls,
          serial_shops, shop_coins
D:5:      minmay_clustersquares, layout_basic, kennysheep_mini,
          mainiacjoe_overflow_two_lobes, kennysheep_decorative_pillar

Skill      XL: |  1  2  3  4  5  6  7 |
---------------+----------------------+-----
Stealth        | 3 4 |  4.7
Hexes          | 1 2 3 |  3.1
Conjurations   | 2 3 |  3.6
Spellcasting   | 3 |  3.9
Dodging        | 3 |  3.2
Fire Magic     | 4 |  4.1

Action                     |  1- 3 |  4- 6 |  7- 9 || total
---------------------------+-------+-------+-------++-------
  Melee: Short sword       |    65 |    60 |    14 ||   139
         Constrict         |    17 |    15 |     4 ||    36
         Unarmed           |     2 |       |       ||     2
         Tentacles         |    12 |    11 |     6 ||    29
         Punch             |       |       |     1 ||     1
   Cast: Foxfire           |    18 |    45 |    21 ||    84
         Scorch            |     2 |     8 |     8 ||    18
         Inner Flame       |       |     1 |       ||     1
    Use: Scroll            |     3 |     1 |       ||     4
         Potion            |       |     1 |     1 ||     2
   Stab: Sleeping          |     9 |     7 |     2 ||    18
         Distracted        |     1 |       |       ||     1
 Armour: Skin              |    12 |    19 |    10 ||    41
  Dodge: Dodged            |    20 |    36 |    18 ||    74

Table legend: (Time is in decaauts)
 A = Elapsed time spent in this place.
 B = Non-inter-level travel time spent in this place.
 C = Inter-level travel time spent in this place.
 D = Time resting spent in this place.
 E = Time spent auto-exploring this place.
 F = Levels seen in this place.
 G = Mean time per level.
                   A        B        C        D        E       F      G
               +--------+--------+--------+--------+--------+-----+--------+
         Total |   4254 |   4120 |    134 |      0 |   2914 |   5 |  850.8 |
       Dungeon |   4254 |   4120 |    134 |      0 |   2914 |   5 |  850.8 |
               +--------+--------+--------+--------+--------+-----+--------+

Top non-repeatable levels by time:
     D:5: 905 daAuts
     D:3: 886 daAuts
     D:2: 841 daAuts
     D:4: 817 daAuts
     D:1: 802 daAuts
